 Dungeon Crawl Stone Soup version 0.17-a0-1409-ge6d9485 (webtiles) character file.

600 Sommunist the Covert (level 7, 0/42 HPs)
             Began as a Kobold Assassin on June 23, 2015.
             Succumbed to a kobold's poison
             ... on level 3 of the Dungeon.
             The game lasted 00:12:53 (3632 turns).

Sommunist the Covert (Kobold Assassin)              Turns: 3632, Time: 00:12:53

Health: 0/42       AC:  3    Str:  9    XL:     7   Next: 69%
Magic:  7/7        EV: 17    Int:  9    God:
Gold:   202        SH:  0    Dex: 20    Spells: 0 memorised, 6 levels left

rFire  . . .     SeeInvis .     q - +1 dagger (venom)
rCold  . . .     Clarity  .     c - +0 robe
rNeg   . . .     SustAt   .     (shield restricted)
rPois  .         Gourm    .     (no helmet)
rElec  .         Spirit   .     d - +0 cloak
rCorr  .         Warding  .     (no gloves)
rMut   .         Stasis   .     (no boots)
MR     +....                    (no amulet)
Stlth  +++++.....               (no ring)
                                r - ring of protection from magic

@: lethally poisoned (0 -> -1), flying, somewhat resistant to hostile
enchantments, quite stealthy
A: carnivore 3
a: no special abilities


You were on level 3 of the Dungeon.
You were hungry.

You visited 1 branch of the dungeon, and saw 4 of its levels.

You collected 202 gold pieces.

Inventory:

Hand weapons
 a - a +2 dagger
 b - a +0 blowgun
 q - a +1 dagger of venom (weapon)
 t - the +6 scimitar of Flaming Death {sticky flame, rPois rF++ rC- MR+}
   (You took it off a hobgoblin on level 4 of the Dungeon)

   It has been specially enchanted to burn those struck by it, causing extra
   injury to most foes and up to half again as much damage against particularly
   susceptible opponents.
   Big, fiery blades are also staple armaments of hydra-hunters.
   It greatly protects you from fire.
   It makes you vulnerable to cold.
   It protects you from poison.
   It affects your resistance to hostile enchantments.
Missiles
 e - 22 poisoned needles
 f - 2 curare-tipped needles
Armour
 c - a +0 robe (worn)
 d - a +0 cloak (worn)
Jewellery
 r - a ring of protection from magic (left hand)
Scrolls
 h - a scroll of fog {unknown}
 i - 2 scrolls of identify {unknown}
 j - 2 scrolls of teleportation {unknown}
 l - 2 scrolls of enchant weapon {unknown}
 n - 2 scrolls of blinking {unknown}
 o - a scroll of remove curse {unknown}
Potions
 p - a potion of flight
 s - a potion of magic
Comestibles
 g - a meat ration
 k - 2 chunks of flesh
 m - a slice of pizza


   Skills:
 + Level 3.7 Fighting
 * Level 6.3 Short Blades
 - Level 2.6 Throwing
 + Level 3.9 Dodging
 * Level 8.5 Stealth


You had 6 spell levels left.
You didn't know any spells.

Dungeon Overview and Level Annotations

Branches:
Dungeon (4/15)
 Temple: D:4-7

Altars:
Ashenzari
Cheibriados
Fedhas
Qazlal
Sif Muna


Innate Abilities, Weirdness & Mutations

You are small and have problems with some larger weapons.
You are carnivorous and can eat meat at any time.


Message History

You feel sick.
You kill the kobold!
There is a stone staircase leading down here.
Things that are here:
a dagger of venom; a kobold corpse
* * * LOW HITPOINT WARNING * * *
You feel sick.
It was a potion of flight.
You feel very buoyant.
You fly up into the air.
It was a potion of magic.
Magic courses through your body.
* * * LOW HITPOINT WARNING * * *
You feel sick.
* * * LOW HITPOINT WARNING * * *
You feel sick.
* * * LOW HITPOINT WARNING * * *
You feel sick.
* * * LOW HITPOINT WARNING * * *
You feel sick.
You die...

...##########......######...##
..###.# #...##.............##
.## #.#
###.####...####[......#
.####.# #...# ##..## ##.....##
.##)..###.#####...# ##...##
..#.###...# #...## ##### #.#.#
#.### #.#.# #...###.#
#.#.##### ..##....# #.#@>†..##
..##.#### ##.#####..### ..##.#
##..# ##...### ..##.# ##.)##
###...## .....# ##))## ###..#
...### ##..## ##.###
.....####..###############)..#
#..............).............#
####..#.##################...#


There were no monsters in sight!

Vanquished Creatures
  2 ogres
  An orc priest (D:4)
  A hound (D:4)
  Ijyb (D:3)
  An iguana (D:4)
  A worker ant (D:4)
  Natasha (D:4)
  3 orc wizards (D:4)
  A hound skeleton (D:4)
  5 adders
  4 gnolls (D:3)
  An ooze (D:3)
  An adder skeleton (D:4)
  A worm (D:2)
  4 giant geckos
  5 orcs
  A giant cockroach (D:2)
  9 hobgoblins
  A quokka (D:2)
  3 ball pythons
  6 bats
  5 giant newts
  8 goblins
  3 jackals (D:3)
  8 kobolds
  11 rats
88 creatures vanquished.

Notes
Turn   | Place    | Note
--------------------------------------------------------------
     0 | D:1      | Sommunist the Kobold Assassin began the quest for the Orb.
     0 | D:1      | Reached XP level 1. HP: 12/12 MP: 1/1
   184 | D:1      | Reached XP level 2. HP: 9/18 MP: 2/2
   348 | D:1      | You fall through a shaft!
   878 | D:1      | Reached XP level 3. HP: 22/22 MP: 3/3
  1390 | D:2      | Reached skill level 6 in Stealth
  1594 | D:3      | Found a shattered altar of Ashenzari.
  1596 | D:3      | Reached XP level 4. HP: 27/27 MP: 4/4
  1845 | D:3      | Noticed a phantom
  1972 | D:3      | Reached XP level 5. HP: 18/31 MP: 5/5
  2331 | D:3      | Found a stormy altar of Qazlal.
  2512 | D:3      | Noticed Ijyb
  2519 | D:3      | Killed Ijyb
  2519 | D:3      | Reached skill level 7 in Stealth
  2753 | D:4      | Reached XP level 6. HP: 37/37 MP: 6/6
  2983 | D:4      | Reached skill level 5 in Short Blades
  3042 | D:4      | Noticed Natasha
  3044 | D:4      | Killed Natasha
  3174 | D:4      | Found a blossoming altar of Fedhas.
  3175 | D:4      | Found a snail-covered altar of Cheibriados.
  3175 | D:4      | Found a deep blue altar of Sif Muna.
  3182 | D:4      | Noticed an ogre
  3201 | D:4      | Noticed an ogre
  3235 | D:3      | Killed an ogre
  3235 | D:3      | Reached skill level 8 in Stealth
  3235 | D:3      | Reached XP level 7. HP: 28/41 MP: 7/7
  3304 | D:4      | Killed an ogre
  3618 | D:3      | HP: 2/42 [poisoned by a kobold]
  3624 | D:3      | HP: 1/42 [poisoned by a kobold]
  3632 | D:3      | Succumbed to a kobold's poison

Vault maps used:
D:1:      dpeg_arrival_concentric_ovals, hangedman_abyss_or_decor_stabs
D:2:      serial_bayou, serial_bayou_shore_b, serial_bayou_pond_a,
          serial_bayou_lagoon_b, serial_bayou_pond_a, first_bread
D:3:      overflow_temple_1_default, grunt_ministairs_6,
          nicolae_qazlal_general_emergency, uniq_iyjb
D:4:      gammafunk_temple_overflow_forgotten, uniq_natasha

Action                   |  1- 3 |  4- 6 |  7- 9 || total
-------------------------+-------+-------+-------++-------
Melee: Dagger            |    67 |   165 |    43 ||   275
 Fire: Blowgun           |    14 |    24 |     4 ||    42
  Use: Potion            |       |       |     2 ||     2
 Stab: Sleeping          |    16 |    14 |     2 ||    32
       Distracted        |     1 |       |       ||     1
  Eat: Chunk             |     2 |     5 |     1 ||     8
